Map: Oblivion Express

Players

LilArrin

  • Race: Terran Terran
  • Spawn Location: 12:00

LilArrin

  • Race: Zerg Zerg
  • Spawn Location: 0:00

VOD

Have the link to the VOD?

Description

Time

  • Played on: May 10, 2017, 12:58 a.m.
  • Length: 25:17
Show
View Real Time Build Order
Export as new Build Order

LilArrin Terran 

Build Orders:  

Get SALT Encoding   

  12  0:03  SCV  
  13  0:20  SCV  
  14  0:37  SCV  
  15  0:49  Supply Depot  
  15  0:53  SCV  
  16  1:10  SCV  
  17  1:27  SCV  
  18  1:32  Command Center  
  18  1:44  SCV  
  19  1:51  Barracks  
  19  2:02  SCV  
  19  2:09  Supply Depot  
  20  2:23  Marine  
  20  2:24  Orbital Command  
  21  2:33  Marine  
  22  2:43  Marine  
  23  2:53  Marine  
  24  3:01  SCV  
  24  3:04  Marine  
  26  3:14  Orbital Command, Bunker, Marine  
  26  3:18  SCV  
  28  3:34  SCV  
  29  3:46  Orbital Command  
  29  3:51  SCV  
  29  3:52  Command Center  
  30  4:11  SCV  
  31  4:24  SCV  
  32  4:31  SCV  
  32  4:33  Command Center  
  33  4:48  Marine  
  33  4:53  SCV  
  33  4:59  Marine  
  35  5:00  Refinery  
  35  5:01  Bunker, SCV  
  35  5:04  Refinery  
  37  5:11  SCV  
  37  5:18  SCV  
  39  5:33  Orbital Command  
  39  5:41  SCV  
  39  5:43  Command Center  
  40  5:50  SCV  
  40  5:52  Barracks Tech Lab  
  41  6:02  Command Center  
  41  6:09  Combat Shields  
  42  6:24  Orbital Command  
  41  6:50  SCV  
  42  7:00  Command Center  
  42  7:13  Barracks  
  42  7:17  SCV  
  43  7:27  Barracks  
  43  7:28  Barracks  
  43  7:29  Orbital Command  
  43  7:30  Medic  
  45  7:40  Marine, SCV  
  45  7:45  Orbital Command  
  47  7:50  Marine  
  47  7:54  Barracks  
  47  7:56  Barracks  
  47  7:59  Marine, Stabilizer Medpacks  
  49  8:00  Marine  
  48  8:02  Marine x2  
  52  8:12  Medic  
  52  8:14  Marine x2  
  52  8:15  SCV  
  52  8:16  SCV  
  52  8:17  Factory  
  58  8:21  Marine  
  58  8:22  Refinery, Marine  
  58  8:24  Marine  
  58  8:25  Refinery  
  61  8:31  Barracks Tech Lab  
  61  8:32  Medic  
  63  8:40  Engineering Bay  
  63  8:44  Orbital Command, Engineering Bay  
  63  8:49  Marine x3  
  54  8:50  Medic, SCV  
  69  9:00  Marine x3  
  72  9:12  Marine x2  
  72  9:13  Medic x2, Marine  
  79  9:20  Marine  
  79  9:22  Marine  
  79  9:24  Marine  
  82  9:32  Terran Infantry Weapons Level 1, Terran Infantry Armor Level 1  
  82  9:35  Armory, SCV x2  
  82  9:37  Command Center  
  84  9:48  SCV  
  84  9:49  SCV  
  86  9:52  Marine  
  86  9:53  Marine x2  
  86  9:55  Marine x2  
  91  10:12  Starport  
  91  10:13  Marine x3  
  91  10:14  Supply Depot, Marine  
  91  10:17  Supply Depot  
  95  10:29  Marine x3  
  95  10:30  Medic  
  95  10:35  Marine x2, Bunker  
  95  10:36  Missile Turret  
  95  10:39  Marine x2  
  96  10:42  Marine x2  
  100  10:52  SCV x2  
  100  10:56  Afterburners  
  102  11:02  Barracks Reactor  
  102  11:03  Barracks Reactor  
  102  11:05  Starport  
  102  11:10  Marine  
  102  11:11  Marine x3  
  102  11:15  Missile Turret  
  102  11:18  Bunker  
  102  11:19  Orbital Command  
  106  11:21  Medic, Marine  
  109  11:30  Marine x2  
  109  11:31  Medic, Marine  
  109  11:33  Barracks  
  109  11:34  Barracks  
  109  11:39  Barracks x2  
  114  11:40  Marine x2  
  114  11:41  Marine x2  
  114  11:43  Starport Tech Lab  
  114  11:46  SCV x5  
  122  11:50  Medic, Marine x3  
  122  11:51  Marine  
  122  11:52  Marine  
  122  11:56  Terran Vehicle and Ship Weapons Level 1  
  122  11:57  Marine x2  
  127  12:00  Medic, Marine x3  
  127  12:01  Marine  
  127  12:02  Marine  
  127  12:07  Marine x2  
  127  12:09  Marine  
  129  12:10  Marine x4  
  129  12:11  Marine  
  129  12:12  Marine x2  
  129  12:17  Marine x2  
  138  12:20  Marine x2  
  138  12:21  Medic, Marine  
  138  12:22  Marine x2  
  138  12:27  Starport Reactor, Marine  
  138  12:28  Marine  
  138  12:29  Phobos Weapons System  
  145  12:30  Marine x2  
  145  12:31  Marine x2  
  145  12:36  Marine x2  
  145  12:38  Marine  
  152  12:53  Medic, Marine x2, Supply Depot x2  
  155  13:07  Viking  
  155  13:13  Marine x2  
  155  13:14  Medic x2, Marine x2  
  155  13:18  Marine x2  
  162  13:26  Viking  
  162  13:27  Viking x2  
  162  13:29  Ripwave Missiles  
  168  13:33  Marine  
  167  13:41  Marine  
  167  13:46  Marine  
  168  13:52  Marine, Supply Depot  
  168  13:53  Marine x7  
  168  13:55  Marine  
  168  13:58  Marine  
  168  13:59  Marine x2  
  176  14:17  Marine  
  176  14:21  Marine x5, Supply Depot  
  176  14:26  Marine x2  
  176  14:27  Medic  
  183  14:31  Medic  
  183  14:32  Supply Depot  
  183  14:33  Supply Depot, Viking x2  
  186  14:41  Marine x2  
  186  14:43  Viking  
  186  14:45  Marine  
  186  14:49  Marine  
  189  14:50  Marine  
  189  14:52  Viking  
  172  15:09  Marine x3  
  165  15:13  Marine  
  165  15:14  Marine x8  
  165  15:19  Marine x2  
  159  15:20  Marine  
  159  15:21  Viking  
  159  15:23  Marine  
  159  15:24  Marine x6  
  159  15:26  Marine x2  
  169  15:34  Marine x2  
  171  15:43  SCV x2  
  170  15:53  Marine  
  170  15:54  Viking  
  170  15:55  Viking  
  170  15:59  Barracks Tech Lab x2  
  175  16:00  Barracks Reactor x2  
  175  16:02  Terran Infantry Weapons Level 2  
  175  16:03  Terran Infantry Armor Level 2  
  175  16:04  Viking  
  177  16:17  Marine x3  
  177  16:18  Marine  
  166  16:31  Marine x3  
  166  16:32  Marine x5  
  171  16:54  Marine x2  
  166  17:07  Marine, SCV x5  
  166  17:08  Marine x4, SCV x2  
  166  17:09  Marine  
  171  17:13  SCV  
  171  17:17  Marine x2  
  171  17:18  Marine x2  
  177  17:23  SCV  
  182  17:30  Marine x3, Viking x2  
  182  17:31  Medic  
  182  17:33  Supply Depot  
  182  17:35  Supply Depot  
  182  17:38  Supply Depot  
  191  17:41  Supply Depot  
  191  17:50  Viking x3  
  194  18:03  Terran Vehicle and Ship Weapons Level 2, Marine x2  
  194  18:08  Viking  
  194  18:09  Viking  
  195  18:16  Marine  
  195  18:17  Marine x4  
  195  18:18  Marine x4  
  186  18:24  Marine x2  
  186  18:25  Medic x2, Marine  
  186  18:27  Marine  
  197  18:32  Marine x4  
  197  18:41  Marine  
  197  18:42  Marine x2  
  199  18:58  Marine x3  
  199  18:59  Bunker, Marine x2  
  197  19:10  Marine x3  
  197  19:11  Marine  
  197  19:13  Supply Depot  
  196  19:24  Marine x3  
  196  19:25  Marine  
  197  19:49  Marine  
  120  19:50  Marine x13  
  185  19:59  Marine  
  188  20:00  Medic x3, Marine x4  
  188  20:04  Barracks Tech Lab  
  188  20:05  Marine  
  198  21:06  Marine  
  198  21:07  Marine x3  
  195  21:15  Marine x2  
  195  21:16  Marine x4  
  190  21:31  Marine x3  
  190  21:39  Marine x3  
  190  21:40  Marine x2  
  195  21:54  Marine x3  
  195  21:56  Marine x3  
  197  22:20  Marine x2  
  197  22:34  Marine x4  
  197  22:35  Marine x2  
  197  22:38  Viking  
  197  22:39  Viking  
  198  22:47  Marine x2  
  198  22:48  Marine x12  
  172  22:53  Viking  
  172  22:57  Marine, Viking  
  172  22:58  Marine x13  
  158  23:07  Marine  
  158  23:08  Marine x13  
  140  23:17  Marine  
  140  23:18  Marine x7  
  140  23:19  Marine x2, Viking  
  141  23:20  Marine x4  
  145  23:28  Marine x8  
  145  23:29  Marine  
  157  23:31  Marine  
  157  23:32  Marine x4  
  157  23:38  Marine x2  
  157  23:39  Marine x7  
  171  23:43  Medic  
  182  23:53  Marine x2  
  182  23:57  Marine x4, Viking  
  182  23:58  Marine  
  175  24:03  Marine  
  175  24:04  Marine x4  
  175  24:05  Marine  
  175  24:09  Marine x2  
  164  24:12  Marine x3  
  164  24:17  Marine x3  
  164  24:18  Marine x3  
  164  24:19  Medic  
  134  24:29  Marine x3  
  136  24:31  Marine x2  
  136  24:32  Marine x4  
  135  24:40  Marine x4  
  135  24:46  Marine x3  
  135  24:47  Marine x4  
  135  24:48  Marine x2  
  137  24:53  Marine  
  137  24:54  Marine  
  137  24:55  Marine x2  
Show
View Real Time Build Order
Export as new Build Order

LilArrin Zerg 

Build Orders:  

Get SALT Encoding   

Tags
 
Add a new tag
Caveats
  • Supply blocks, unpowered buildings, or Contaminate may cause inaccurate times.
  • Supply counts are checked every 10 seconds.